 Dungeon Crawl Stone Soup version 0.26-a0-597-gb535b0901c (webtiles) character file.

Game seed: 3629279861317395028

8152 graki42 the Destroyer (level 11, -3/54 HPs)
             Began as a Tengu Fire Elementalist on Sept 7, 2020.
             Was an Elder of Vehumet.
             Hit by a silver javelin thrown by a minotaur (18 damage)
             ... in a Gauntlet.
             The game lasted 00:58:16 (12035 turns).

graki42 the Destroyer (Tengu Fire Elementalist)    Turns: 12035, Time: 00:58:17

Health: -3/54      AC: 10    Str: 10    XL:     11   Next: 26%
Magic:  36/42      EV: 15    Int: 30    God:    Vehumet [****..]
Gold:   830        SH:  6    Dex: 14    Spells: 0/26 levels left

rFire    . . .     SeeInvis .   B - +3 dagger (elec)
rCold    + . .     Faith    .   a - +1 buckler
rNeg     . . .     Spirit   .   z - +1 leather armour "Uwenud" {rC+ MP+9 Int+4} (curse)
rPois    .         Reflect  .   p - +2 hat of Poor Excuses {Rampage Int+8}
rElec    .         Harm     .   e - +0 cloak
rCorr    +         NoTele   +   c - +2 pair of gloves
MR       .....                  (boots unavailable)
Stlth    ++........             (no amulet)
HPRegen  0.18/turn              m - ring of resist corrosion
MPRegen  0.28/turn              i - ring of magical power

@: flying quickly and evasively, quick
A: beak, talons 3, able to fly
a: Stop Flying, Renounce Religion


You were in a Gauntlet.
You worshipped Vehumet.
Vehumet was greatly pleased with you.
You visited 2 branches of the dungeon, and saw 12 of its levels.
You also visited: Gauntlet.

You collected 830 gold pieces.

Inventory:

Hand Weapons
 u - a +0 rapier of venom
 y - the +1 broad axe "Reak" {vorpal, *Noise rN+ MR+}
   (You found it on level 7 of the Dungeon)

   It inflicts extra damage upon your enemies.
   It protects you from negative energy.
   It affects your resistance to hostile enchantments.
   It may make noises in combat.
 B - a +3 dagger of electrocution (weapon)
Armour
 a - a +1 buckler (worn)
 c - a +2 pair of gloves (worn)
 e - a +0 cloak (worn)
 p - the +2 hat of Poor Excuses (worn) {Rampage Int+8}
   (You found it in a Gauntlet)

   It affects your intelligence (+8).
   It bestows one free step when moving towards enemies.
 v - a +0 robe of magic resistance
 z - the cursed +1 leather armour "Uwenud" (worn) {rC+ MP+9 Int+4}
   (You found it on level 7 of the Dungeon)

   It affects your intelligence (+4).
   It protects you from cold.
   It affects your magic capacity (+9).
   It has a curse placed upon it.
Jewellery
 i - a ring of magical power (right hand)
 m - a ring of resist corrosion (left hand)
Wands
 h - a wand of flame (37)
 k - a wand of enslavement (9)
 l - a wand of iceblast (7)
 t - a wand of random effects (5)
 x - a wand of polymorph (4)
Scrolls
 f - 4 scrolls of fog
 g - 6 scrolls of teleportation
 n - a scroll of fear
 o - 3 scrolls of remove curse
 C - a scroll of vulnerability
 D - a scroll of silence
Potions
 d - 4 potions of curing
 j - a potion of heal wounds
 q - a potion of haste
 s - 4 potions of brilliance
 w - 2 potions of stabbing
 A - a potion of resistance


   Skills:
 - Level 4.0 Armour
 - Level 3.0 Dodging
 - Level 3.0 Stealth
 - Level 4.0 Shields
 + Level 8.2 Spellcasting
 + Level 11.3 Conjurations
 - Level 2.0 Hexes
 + Level 10.1 Fire Magic
 + Level 5.2 Air Magic


You couldn't memorise any spells.
You knew the following spells:

 Your Spells              Type           Power        Failure   Level
a - Foxfire               Conj/Fire      ####         1%          1
b - Conjure Flame         Conj/Fire      ######..     1%          3
c - Inner Flame           Hex/Fire       #####...     1%          3
d - Sticky Flame          Conj/Fire      ######..     1%          4
e - Fireball              Conj/Fire      ######....   1%          5
f - Shock                 Conj/Air       ####         1%          1
g - Iskenderun's Mystic   Conj/Tloc      #####...     1%          4
h - Lightning Bolt        Conj/Air       ######....   1%          5

Your spell library contained the following spells:

 Spells                   Type           Power        Failure   Level
 Stone Arrow              Conj/Erth      #####.       1%          3
 Magic Dart               Conj           ####         1%          1
 Searing Ray              Conj           ######       1%          2
 Swiftness                Air            #####...     1%          2
 Dazzling Flash           Conj/Hex       ######       1%          3
 Static Discharge         Conj/Air       ######..     1%          3
 Airstrike                Air            #####.....   1%          4
 Fulminant Prism          Conj/Hex       ######....   1%          4
 Corona                   Hex            ###....      2%          1
 Animate Skeleton         Necr           ##....       5%          1
 Apportation              Tloc           ##....       5%          1
 Summon Small Mammal      Summ           ##..         5%          1


Dungeon Overview and Level Annotations

Branches:
Dungeon (11/15)            Temple (1/1) D:5            Lair (0/6) D:11
    Orc (0/2) D:11        Gauntlet (1/1)

Altars:
Ashenzari
Cheibriados
Dithmenos
Gozag
Hepliaklqana
Makhleb
Nemelex Xobeh
Okawaru
Qazlal
Ru
Sif Muna
Trog
Uskayaw
Vehumet
Wu Jian
Xom
Zin
The Shining One

Shops:
D:4 *

Annotations:
Gauntlet 2 transporters


Innate Abilities, Weirdness & Mutations

You have a beak for a mouth.
You have claws for feet.
You can fly continuously.


Message History

You feel your power returning.
You feel a bit more experienced. The flying skull barely misses you.
Found a runed robe.
You feel much better. The flying skull hits you.
Casting: Sticky Flame (safe; 1% risk of failure)
Confirm with . or Enter, or press ? or * to list all spells.
Aiming: Sticky Flame (safe; 1% risk of failure)
Press: ? - help, Shift-Dir - straight line, f - flying skull
Aim: a flying skull (lightly damaged)
The sticky flame hits the flying skull.
The flying skull resists.
The flying skull is lightly damaged.
The flying skull is covered in liquid flames!
You hear a bellow!
The flying skull burns!
The flying skull misses you. The flying skull hits you.
* * * LOW HITPOINT WARNING * * *
A minotaur comes into view. It is quivering 15 silver javelins.
The flying skull burns!
The minotaur moves out of view.
The minotaur throws a silver javelin.
The silver javelin pierces through you!!
You die...

.#. (#..##### .#..#≈8§#
.©#..#..§# ######
.y#..#.8.. .....#
.}#..#...###.##.##
.....y#..#.8........8#
y...yy#..#..z#z#.....#
#######..#..z#z#@####
........≈#.©.#...#
........∩#...###.'.....
........≈#.©.# H.#8.8[8
#######..#...# #.######
.zz..z#..#...# #..
.zz##z#..#.8.. ...
#.#.#z#..#...###.##
#.##."#..#.8.. ..


You could see a minotaur.

Vanquished Creatures
  A blizzard demon (Gauntlet)
  A two-headed ogre (D:11)
  The ghost of Sassenached the Purveyor of Pain, a novice HuWn of Kikubaaqudgha (D:6)
  Grinder (D:5)
  A hippogriff (D:5)
  A flying skull (Gauntlet)
  3 yaks (D:11)
  Eustachio (D:6)
  Menkaure (D:4)
  Edmund (D:5)
  2 water moccasins
  5 ice beasts
  6 orc warriors
  3 black bears
  A sky beast (D:8)
  A phantom (D:4)
  A necrophage (D:7)
  5 ogres
  4 centaurs
  A gnoll sergeant (D:7)
  5 bullfrogs
  A scorpion (D:11)
  10 killer bees
  A howler monkey (D:5)
  6 wights
  A centaur zombie (D:7)
  4 orc priests
  2 hounds
  A jelly (D:9)
  A centaur skeleton (D:7)
  5 orc wizards
  Crazy Yiuf (D:5)
  2 iguanas
  8 worker ants
  2 killer bee zombies
  A spectral worker ant (D:9)
  Robin (D:3)
  18 gnolls
  A howler monkey skeleton (D:9)
  14 adders
  2 shadow imps
  6 white imps
  2 ufetubi
  2 adder skeletons (D:5)
  3 worms
  2 dart slugs (D:1)
  5 leopard geckos
  46 orcs
  8 bats
  3 giant cockroaches
  15 goblins
  9 hobgoblins
  13 jackals
  4 quokkas
  2 ball pythons
  5 frilled lizards
  2 goblin skeletons (D:5)
  2 goblin zombies (D:5)
  6 hobgoblin zombies (D:5)
  5 kobolds
  2 kobold zombies (D:5)
  An orc skeleton (D:5)
  An orc zombie (D:5)
  2 quokka skeletons (D:9)
  A quokka zombie (D:7)
  9 rats
284 creatures vanquished.

Vanquished Creatures (others)
  A goblin (D:3)
  7 demonic plants (Gauntlet)
  801 foxfires
  2 plants (D:5)
811 creatures vanquished.

Grand Total: 1095 creatures vanquished

Notes
Turn   | Place    | Note
-------+----------+-------------------------------------------
     0 | D:1      | graki42 the Tengu Fire Elementalist began the quest for the
                  | Orb.
     0 | D:1      | Reached XP level 1. HP: 10/10 MP: 4/4
   116 | D:1      | You fall into a shaft and drop 1 floor!
   183 | D:2      | Reached XP level 2. HP: 15/15 MP: 0/6
   527 | D:1      | Reached skill level 2 in Conjurations
   630 | D:1      | Reached XP level 3. HP: 19/19 MP: 2/7
  1528 | D:2      | Reached XP level 4. HP: 24/24 MP: 1/8
  1802 | D:2      | Learned a level 3 spell: Conjure Flame
  1806 | D:2      | Learned a level 3 spell: Inner Flame
  1927 | D:3      | Found a sacrificial altar of Ru.
  2135 | D:3      | Found an iron altar of Okawaru.
  2251 | D:3      | Reached skill level 3 in Conjurations
  2304 | D:3      | Gained mutation: You can fly continuously. [Tengu growth]
  2304 | D:3      | Reached XP level 5. HP: 23/28 MP: 6/10
  2473 | D:3      | Noticed Robin
  3131 | D:3      | Found a sacrificial altar of Ru.
  3165 | D:3      | Found an iron altar of Okawaru.
  3273 | D:3      | Killed Robin
  4183 | D:4      | Found Ythiwu's Elemental Accessories.
  4333 | D:4      | Reached XP level 6. HP: 32/32 MP: 8/11
  4335 | D:4      | Reached skill level 1 in Hexes
  4420 | D:4      | Noticed Menkaure
  4429 | D:4      | Killed Menkaure
  4429 | D:4      | Reached skill level 4 in Conjurations
  4790 | D:4      | Reached XP level 7. HP: 36/36 MP: 9/13
  4899 | D:5      | Entered Level 5 of the Dungeon
  5011 | D:5      | Reached skill level 5 in Fire Magic
  5062 | D:5      | Found a glowing golden altar of the Shining One.
  5299 | D:5      | Noticed Edmund
  5304 | D:4      | Reached skill level 5 in Conjurations
  5501 | D:5      | Reached skill level 1 in Shields
  5805 | D:5      | Found a staircase to the Ecumenical Temple.
  5807 | D:5      | Noticed Grinder
  5844 | D:5      | Paralysed by Grinder for 7 turns
  5852 | D:5      | Killed Grinder
  5852 | D:5      | Reached XP level 8. HP: 36/41 MP: 4/15
  5938 | Temple   | Entered the Ecumenical Temple
  6046 | Temple   | Became a worshipper of Vehumet
  6457 | D:4      | Learned a level 4 spell: Sticky Flame
  6468 | D:5      | Killed Edmund
  6468 | D:5      | Reached skill level 6 in Conjurations
  6553 | D:5      | Found a runed translucent door.
  6554 | D:5      | Noticed Crazy Yiuf
  6560 | D:5      | Killed Crazy Yiuf
  6670 | D:6      | Noticed a hippogriff
  6740 | D:6      | Noticed Eustachio
  6901 | D:5      | Killed a hippogriff
  6901 | D:5      | Reached skill level 5 in Spellcasting
  6901 | D:5      | Reached skill level 7 in Conjurations
  7116 | D:6      | Killed Eustachio
  7116 | D:6      | Reached XP level 9. HP: 34/45 MP: 8/18
  7294 | D:6      | Found a runed translucent gate.
  7294 | D:6      | Found a runed translucent gate.
  7299 | D:6      | Found a runed translucent gate.
  7303 | D:6      | Noticed Sassenached's ghost (novice HuWn)
  7761 | D:6      | Killed Sassenached's ghost
  7761 | D:6      | Reached skill level 8 in Conjurations
  8281 | D:7      | Reached * piety under Vehumet
  8281 | D:7      | Offered knowledge of Sandblast by Vehumet.
  8301 | D:7      | Learned a level 5 spell: Fireball
  8561 | D:7      | Reached skill level 9 in Conjurations
  8877 | D:7      | Got a dazzling broad axe
  8877 | D:7      | Got a jacinth-encrusted leather armour
  8878 | D:7      | Identified the cursed +1 broad axe "Reak" {vorpal, *Noise
                  | rN+ MR+} (You found it on level 7 of the Dungeon)
  8891 | D:7      | Identified the cursed +1 leather armour "Uwenud" {rC+ MP+9
                  | Int+4} (You found it on level 7 of the Dungeon)
  8987 | D:7      | Reached XP level 10. HP: 50/50 MP: 21/21
  9478 | D:8      | Offered knowledge of Shock by Vehumet.
  9506 | D:8      | Reached ** piety under Vehumet
  9984 | D:8      | Reached skill level 10 in Conjurations
 10171 | D:8      | Found a glowing silver altar of Zin.
 10485 | D:8      | Learned a level 1 spell: Shock
 10537 | D:9      | Offered knowledge of Ignite Poison by Vehumet.
 10647 | D:9      | Reached skill level 1 in Air Magic
 10705 | D:9      | Reached skill level 1 in Armour
 10714 | D:9      | Reached *** piety under Vehumet
 11010 | D:9      | Found a hide-covered altar of Uskayaw.
 11352 | D:10     | Entered Level 10 of the Dungeon
 11407 | D:10     | Offered knowledge of Frozen Ramparts by Vehumet.
 11441 | D:10     | Noticed a green ugly thing
 11501 | D:11     | Found a staircase to the Orcish Mines.
 11615 | D:11     | Noticed a two-headed ogre
 11619 | D:11     | Killed a two-headed ogre
 11619 | D:11     | Reached XP level 11. HP: 39/54 MP: 23/23
 11622 | D:11     | Reached **** piety under Vehumet
 11633 | D:11     | Reached skill level 11 in Conjurations
 11647 | D:11     | Offered knowledge of Stone Arrow by Vehumet.
 11779 | D:11     | Found a gate leading to a gauntlet.
 11783 | Gauntlet | Entered a Gauntlet
 11783 | Gauntlet | Found a transporter.
 11783 | Gauntlet | Found a transporter.
 11783 | Gauntlet | Noticed a blizzard demon
 11793 | Gauntlet | Learned a level 4 spell: Iskenderun's Mystic Blast
 11799 | Gauntlet | Learned a level 5 spell: Lightning Bolt
 11810 | Gauntlet | Reached skill level 10 in Fire Magic
 11813 | Gauntlet | Killed a blizzard demon
 11813 | Gauntlet | Reached skill level 5 in Air Magic
 11826 | Gauntlet | Found a transporter.
 11828 | Gauntlet | Found a transporter.
 11834 | Gauntlet | Got a transparent hat
 12005 | Gauntlet | Identified the +2 hat of Poor Excuses {Rampage Int+8} (You
                  | found it in a Gauntlet)
 12012 | Gauntlet | Found a transporter.
 12024 | Gauntlet | Found a transporter.
 12032 | Gauntlet | Found the +12 Vampire's Tooth {vamp}
 12034 | Gauntlet | Noticed a minotaur
 12035 | Gauntlet | Hit by a silver javelin thrown by a minotaur

Illustrated notes

Levels and vault maps discovered:
D:1:      eino_arrival_cavern_d, layout_basic
D:2:      layout_loops_ring
D:3:      layout_loops_ring, okawaru_trees_1, lemuel_crystal_altar, uniq_robin
D:4:      layout_cave_pods, nicolae_elemental_shop, uniq_menkaure
D:5:      layout_rooms, nicolae_tso_besieged_by_evil,
          minmay_temple_entry_overgrown, uniq_crazy_yiuf_cottage, uniq_grinder,
          uniq_edmund
D:6:      layout_rooms, gammafunk_ghost_split, uniq_eustachio
D:7:      layout_basic
D:8:      layout_cave_pods, basic_altar
D:9:      layout_big_octagon, kennysheep_mini, hangedman_weighted_door
D:10:     layout_basic
D:11:     layout_stronghold, lair_entry_dummy, david_orc_2, enter_trove_1,
          gauntlet_entry_generic
Temple:   dpeg_five_rooms_temple
Gauntlet: gammafunk_gauntlet_shortcut [nicolae_gauntlet_arena_x,
          gammafunk_gauntlet_arena_corners, nicolae_gauntlet_swirl,
          gammafunk_gauntlet_arena_grid, gammafunk_gauntlet_arena_mazey,
          gammafunk_gauntlet_arena_open, nicolae_gauntlet_exit_dead_adventurers]

Skill      XL: |  1  2  3  4  5  6  7  8  9 10 11 |
---------------+----------------------------------+-----
Conjurations   | 2 3 4 5 7 9 10 11 | 11.3
Dodging        | 3 |  3.0
Stealth        | 3 |  3.0
Fire Magic     | 4 5 6 8 9 10 | 10.1
Spellcasting   | 3 4 5 6 7 8 |  8.2
Hexes          | 1 2 |  2.0
Shields        | 2 3 4 |  4.0
Air Magic      | 4 5 |  5.2
Armour         | 3 4 |  4.0

Action                   |  1- 3 |  4- 6 |  7- 9 | 10-12 || total
-------------------------+-------+-------+-------+-------++-------
Melee: Unarmed           |     4 |     9 |     1 |       ||    14
       Kick              |     2 |     1 |     4 |     5 ||    12
       Peck              |     1 |     1 |     2 |     3 ||     7
       Hunting sling     |     2 |       |       |       ||     2
       Quarterstaff      |       |       |     6 |       ||     6
       Rapier            |       |       |    17 |     4 ||    21
       Dagger            |       |       |       |    24 ||    24
 Cast: Foxfire           |    54 |   101 |   182 |   133 ||   470
       Conjure Flame     |       |       |     2 |     4 ||     6
       Sticky Flame      |       |       |    23 |    30 ||    53
       Inner Flame       |       |       |     4 |     2 ||     6
       Fireball          |       |       |     2 |    24 ||    26
 Abil: Fly               |       |     1 |       |       ||     1
Evoke: Wand              |       |       |     1 |       ||     1
  Use: Potion            |     1 |     1 |       |     1 ||     3
       Scroll            |       |     3 |     9 |    11 ||    23
 Stab: Invisible         |       |     1 |       |       ||     1
       Sleeping          |       |       |     1 |     2 ||     3
       Distracted        |       |       |       |     1 ||     1
Armor: Robe              |     1 |     7 |     9 |       ||    17
       Leather armour    |       |       |     3 |    15 ||    18
Dodge: Dodged            |     9 |    42 |    73 |    71 ||   195
Block: Buckler           |       |       |    15 |    23 ||    38

Table legend: (Time is in decaauts)
 A = Elapsed time spent in this place.
 B = Non-inter-level travel time spent in this place.
 C = Inter-level travel time spent in this place.
 D = Time resting spent in this place.
 E = Time spent auto-exploring this place.
 F = Levels seen in this place.
 G = Mean time per level.
                   A        B        C        D        E       F      G
               +--------+--------+--------+--------+--------+-----+--------+
         Total |  11725 |  11420 |    305 |   3441 |   5413 |  13 |  901.9 |
       Dungeon |  11311 |  11075 |    236 |   3441 |   5322 |  11 | 1028.3 |
        Temple |    166 |     98 |     68 |      0 |     91 |   1 |  166.0 |
      Gauntlet |    247 |    247 |      0 |      0 |      0 |   1 |  247.0 |
               +--------+--------+--------+--------+--------+-----+--------+

Top non-repeatable levels by time:
     D:5: 1659 daAuts
     D:4: 1601 daAuts
     D:3: 1564 daAuts
     D:2: 1344 daAuts
     D:8: 1180 daAuts
     D:6: 1074 daAuts
     D:7: 972 daAuts
     D:1: 907 daAuts
     D:9: 606 daAuts
    D:11: 302 daAuts
Gauntlet: 247 daAuts
  Temple: 166 daAuts
    D:10: 98 daAuts
